 Dungeon Crawl Stone Soup version 0.29-a0-298-g3c90f9a769 (webtiles) character file.

Game seed: 11035381053395936886

653 jmlagarto the Skirmisher (level 7, -2/61 HPs)
             Began as a Minotaur Abyssal Knight on Mar 23, 2022.
             Was an Elder of Lugonu.
             Slain by a gnoll
             ... wielding a +0 halberd
              (8 damage)
             ... on level 4 of the Dungeon.
             The game lasted 00:08:11 (6141 turns).

jmlagarto the Skirmisher (Minotaur Abyssal Knight)  Turns: 6141, Time: 00:08:12

Health: -2/61      AC:  7    Str: 20    XL:     7   Next: 29%
Magic:  8/8        EV: 12    Int:  7    God:    Lugonu [****..]
Gold:   157        SH:  0    Dex: 10    Spells: 6/6 levels left

rFire   . . .      SeeInvis .   a - +1 hand axe
rCold   . . .      Faith    .   (no shield)
rNeg    . . .      Spirit   .   q - +1 ring mail
rPois   .          Reflect  .   (helmet restricted)
rElec   .          Harm     .   (no cloak)
rCorr   +          Rampage  .   (no gloves)
Will    .....                   (no boots)
Stlth   ..........              (no amulet)
HPRegen 0.20/turn               d - ring of resist corrosion
MPRegen 0.11/turn               (no ring)

@: confused, lethally poisoned (-2 -> -4), ambrosia-drunk, flying, hasted, very
quick
A: horns 2, retaliatory headbutt
a: Renounce Religion, Depart the Abyss, Bend Space, Banish, Corrupt


You were on level 4 of the Dungeon.
You worshipped Lugonu.
Lugonu was greatly pleased with you.
You visited 1 branch of the dungeon, and saw 4 of its levels.
You visited the Abyss 1 time.
You also visited: Sewer.

You collected 157 gold pieces.

Inventory:

Hand Weapons
 a - a +1 hand axe (weapon)
Missiles
 f - 3 atropa-tipped darts
 n - 30 poisoned darts
 p - 2 curare-tipped darts
Armour
 b - a +0 leather armour
 q - a +1 ring mail (worn)
Magical Staves
 g - a staff of fire
Jewellery
 d - a ring of resist corrosion (left hand)
 o - an amulet of faith
Scrolls
 c - a scroll of identify
 e - 2 scrolls of enchant armour
 i - a scroll of silence
 k - 2 scrolls of teleportation {unknown}
 l - a scroll of fog {unknown}
 m - a scroll of brand weapon {unknown}
 s - a scroll of immolation {unknown}
 u - a scroll of holy word {unknown}


   Skills:
 + Level 5.5 Fighting
 + Level 4.9 Axes
 + Level 4.8 Armour
 + Level 3.9 Dodging
 + Level 3.8 Invocations


You had 6 spell levels left.
You didn't know any spells.
Your spell library contained the following spells:

 Spells                   Type           Power      Damage    Failure   Level
 Beastly Appendage        Tmut           0%         N/A       58%         1
 Slow                     Hex            0%         N/A       58%         1
 Summon Small Mammal      Summ           0%         N/A       58%         1
 Wereblood                Tmut           0%         N/A       75%         2
 Call Canine Familiar     Summ           0%         N/A       92%         3
 Confusing Touch          Hex            0%         N/A       92%         3
 Gell's Gravitas          Tloc           0%         N/A       92%         3
 Spider Form              Tmut/Pois      0%         N/A       92%         3
 Summon Guardian Golem    Hex/Summ       0%         N/A       92%         3
 Teleport Other           Tloc           0%         N/A       92%         3
 Vampiric Draining        Necr           0%         2d6       92%         3
 Dispersal                Tloc           0%         N/A       100%        6


Dungeon Overview and Level Annotations

Branches:
Dungeon (4/15)              Sewer (visited)
 Temple: D:4-7

Altars:
Kikubaaqudgha
Yredelemnul


Innate Abilities, Weirdness & Mutations

You have a pair of horns on your head.
You reflexively headbutt those who attack you in melee.


Message History

You fly up into the air.
You feel very sick. The scorpion completely misses you.
The gnoll hits you with a +0 whip.
* * * LOW HITPOINT WARNING * * *
It was a potion of magic.
Magic courses through your body.
You feel very sick. The scorpion misses you. The gnoll hits you with a +0 whip.
* * * LOW HITPOINT WARNING * * *
The scorpion barely misses you.
You closely miss the scorpion. Your headbutt misses the scorpion.
The scorpion is almost dead.
You hit the gnoll.
You kill the gnoll!
Lugonu accepts your kill.
You feel sick.
The scorpion stings you but does no damage.
You barely miss the scorpion.
You headbutt the scorpion, but do no damage.
The scorpion is almost dead.
You hit the gnoll.
You feel sick. The scorpion barely misses you.
The gnoll hits you but does no damage. The gnoll closely misses you.
Unknown command.
It was a potion of haste.
You feel yourself speed up.
You feel sick.
The scorpion stings you but does no damage.
The gnoll closely misses you. You furiously retaliate!
You headbutt the gnoll.
The gnoll hits you from afar with a +0 halberd.
* * * LOW HITPOINT WARNING * * *
You hit the scorpion.
The scorpion is almost dead.
You hit the gnoll.
* * * LOW HITPOINT WARNING * * *
You feel sick. The scorpion barely misses you. You furiously retaliate!
You headbutt the scorpion.
You kill the scorpion!
Lugonu accepts your kill.
It was a potion of ambrosia.
You are confused.
You feel invigorated.
You feel sick. The gnoll barely misses you.
The gnoll hits you from afar with a +0 halberd!
You die...

#....##.#.#
#.# #.#.##..
#....##.#.#
#.# #.#.##..
#....##.#.#
#.###.#.##..
#....##.#.#
#...........
#....##.###
####........
#....##.#
#<....###.
#.# ##....#
#. ##.######
#.##.# #.
#...@gg.#
... .# #.
#..####.#
#.# .# ##
.>.... #.#
## #######


You could see 2 gnolls.

Vanquished Creatures
  A centaur (D:4)
  4 kobold brigands
  A scorpion (D:4)
  A hound (D:4)
  Robin (D:4)
  A gnoll (D:4)
  A river rat (Sewer)
  4 adders
  6 worms
  3 dart slugs
  2 orcs (D:4)
  14 ball pythons
  9 bats
  9 endoplasms
  5 giant cockroaches
  20 goblins
  9 hobgoblins
  2 jackals (D:2)
  14 kobolds
  6 quokkas
  3 frilled lizards
  4 rats
120 creatures vanquished.

Vanquished Creatures (others)
  A plant (D:1)
1 creature vanquished.

Grand Total: 121 creatures vanquished

Notes
Turn   | Place    | Note
-------+----------+-------------------------------------------
     0 | Abyss:1  | jmlagarto the Minotaur Abyssal Knight began the quest for
                  | the Orb.
     0 | Abyss:1  | Reached XP level 1. HP: 19/19 MP: 1/1
     9 | D:1      | Escaped the Abyss
   103 | D:1      | Reached XP level 2. HP: 17/27 MP: 2/2
   903 | D:1      | Reached skill level 4 in Fighting
   934 | D:1      | Reached XP level 3. HP: 30/33 MP: 3/3
  1013 | D:1      | Reached *** piety under Lugonu
  1104 | D:1      | Found a faded altar of an unknown god.
  1816 | D:2      | Found an ancient bone altar of Kikubaaqudgha.
  2022 | D:3      | Reached XP level 4. HP: 30/40 MP: 4/4
  2222 | D:3      | Found a glowing drain.
  2242 | Sewer    | Entered a sewer
  2802 | Sewer    | Noticed a kobold brigand
  2818 | Sewer    | Killed a kobold brigand
  2819 | Sewer    | Reached XP level 5. HP: 9/47 MP: 4/6
  3885 | Sewer    | Reached XP level 6. HP: 54/55 MP: 7/7
  4007 | Sewer    | Reached skill level 5 in Fighting
  4309 | Sewer    | Reached **** piety under Lugonu
  5391 | D:4      | Noticed Robin
  5425 | D:4      | Killed Robin
  5695 | D:4      | Reached XP level 7. HP: 46/61 MP: 8/8
  5844 | D:4      | Found a basalt altar of Yredelemnul.
  6141 | D:4      | Slain by a gnoll

Illustrated notes

Levels and vault maps discovered:
D:1:      dpeg_arrival_ternary, layout_rooms,
          dilly_ecumenical_altar_fadedgnrine, chequers_serial_rivers_small_3,
          st_stairs_11, grunt_decor_junction, minmay_tree_intersection,
          dreamdust_princess_bridge
D:2:      layout_basic, basic_altar
D:3:      layout_basic, portal_sewer_entry_f, ebering_dispersal_statue_hall
D:4:      layout_basic, lemuel_tele_altar, minmay_cut_off, uniq_robin

Skill      XL: |  1  2  3  4  5  6 |
---------------+-------------------+-----
Invocations    | 2 3 |  3.8
Fighting       | 4 5 |  5.5
Axes           | 3 4 |  4.9
Armour         | 3 4 |  4.8
Dodging        | 2 3 |  3.9

Action                   |  1- 3 |  4- 6 |  7- 9 || total
-------------------------+-------+-------+-------++-------
Melee: Hand axe          |    83 |   205 |    17 ||   305
       Headbutt          |    12 |    29 |     3 ||    44
       Punch             |       |     1 |       ||     1
Invok: Bend Space        |       |     1 |       ||     1
  Use: Scroll            |     2 |     3 |     1 ||     6
       Potion            |       |     2 |     4 ||     6
Armor: Leather armour    |    32 |    31 |       ||    63
       Ring mail         |       |    34 |     7 ||    41
Dodge: Dodged            |    44 |   104 |    20 ||   168

Table legend: (Time is in decaauts)
 A = Elapsed time spent in this place.
 B = Non-inter-level travel time spent in this place.
 C = Inter-level travel time spent in this place.
 D = Time resting spent in this place.
 E = Time spent auto-exploring this place.
 F = Levels seen in this place.
 G = Mean time per level.
                   A        B        C        D        E       F      G
               +--------+--------+--------+--------+--------+-----+--------+
         Total |   6381 |   6261 |    120 |    171 |   5117 |   6 | 1063.5 |
       Dungeon |   3768 |   3648 |    120 |    171 |   2971 |   4 |  942.0 |
         Abyss |      9 |      9 |      0 |      0 |      4 |   1 |    9.0 |
         Sewer |   2603 |   2603 |      0 |      0 |   2142 |   1 | 2603.0 |
               +--------+--------+--------+--------+--------+-----+--------+

Top non-repeatable levels by time:
   Sewer: 2603 daAuts
     D:1: 1350 daAuts
     D:4: 1286 daAuts
     D:3: 600 daAuts
     D:2: 531 daAuts
 Abyss:1: 9 daAuts
